 Dungeon Crawl Stone Soup version 0.32-a0-12-g7fc57aa741 (webtiles) character file.

Game seed: 6675098034260710195

156 anacleto the Changeling (level 5, 0/73 HPs)
             Began as a Troll Shapeshifter on Jan 15, 2024.
             Slain by a bullfrog (3 damage)
             ... in a sewer.
             The game lasted 00:03:29 (1727 turns).

anacleto the Changeling (Troll Shapeshifter)        Turns: 1727, Time: 00:03:30

Health: 0/73       AC: 22    Str: 24    XL:     5   Next: 14%
Magic:  4/4        EV:  1    Int:  6    God:
Gold:   116        SH:  0    Dex:  9    Spells: 4/4 levels left

rFire   . .          .
                       - Unarmed
rCold   . . .        (no shield)
rNeg    . . .        a - melded +0 animal skin
rPois   +            (helmet currently unavailable)
rElec   .            (cloak currently unavailable)
rCorr   .            (gloves unavailable)
SInv    .            (boots unavailable)
Will    +....        (no amulet)
Stlth   +            f - ring of willpower
HPRegen 1.12/turn    (no ring)
MPRegen 0.09/turn

%: no passive effects
@: mighty, tree-form
A: stationary, stasis, torment immunity, boosted hp, large, unfitting armour,
(claws 3), regeneration 1, (shaggy fur 1), (tough skin 1)
a: no special abilities


You were in a sewer.
You were a tree.
You visited 1 branch of the dungeon, and saw 3 of its levels.
You also visited: Sewer.

You collected 116 gold pieces.

Inventory:

Missiles
 m - 2 boomerangs (quivered)
Armour
 a - a +0 animal skin (melded)
Jewellery
 f - a ring of willpower (left branch)
Talismans
 c - a beast talisman
 d - a flux talisman
Scrolls
 e - a scroll of revelation {unknown}
 g - a scroll of vulnerability {unknown}
 i - 2 scrolls of identify {unknown}
 j - a scroll of fear {unknown}
 l - a scroll of teleportation {unknown}
Potions
 k - a potion of enlightenment {unknown}


   Skills:
 + Level 1.9 Fighting
 + Level 2.3 Dodging
 + Level 3.7 Unarmed Combat
 * Level 4.1 Shapeshifting


You had 4 spell levels left.
You didn't know any spells.
Your spell library contained the following spells:

 Spells                   Type           Power      Damage    Failure   Level
 Apportation              Tloc           0%         N/A       45%         1
 Jinxbite                 Hex            0%         N/A       58%         2
 Lesser Beckoning         Tloc           0%         N/A       58%         2
 Gell's Gravitas          Tloc           0%         N/A       83%         3
 Teleport Other           Tloc           0%         N/A       83%         3
 Alistair's Intoxication  Alch           0%         N/A       100%        5


Dungeon Overview and Level Annotations

Branches:
Dungeon (3/15)              Sewer (1/1)

Altars:


Innate Abilities, Weirdness & Mutations

You are a tree.
Your roots penetrate the ground, keeping you stationary.
You cannot be teleported.
You are immune to unholy pain and torment.
Your maximum health is greatly increased.
Your equipment is partially melded.
You are too large for most types of armour.
((You have claws for hands.))
Your natural rate of healing is unusually fast.
((You are covered in fur. (AC +1)))
((You have tough skin. (AC +1)))


Message History

The bullfrog closely misses you.
You barely miss the bullfrog.
The bullfrog is severely wounded.
The bullfrog hits you! The bullfrog barely misses you. The bullfrog hits you.
The bullfrog hits you but does no damage.
You enter the shallow water.
The bullfrog hits you.
The giant cockroach waves its antennae.
The bullfrog closely misses you. The bullfrog hits you.
You enter the shallow water.
The bullfrog attacks as it pursues you! The bullfrog hits you.
The bullfrog attacks as it pursues you! The bullfrog hits you.
The bullfrog closely misses you. The bullfrog hits you!
You barely miss the bullfrog. The giant cockroach closely misses you.
The bullfrog hits you. x2
You completely miss the bullfrog. The bullfrog barely misses you.
The bullfrog hits you!
* * * LOW HITPOINT WARNING * * *
The giant cockroach bites you but does no damage.
The bullfrog hits you.
* * * LOW HITPOINT WARNING * * *
You scratch the bullfrog.
The bullfrog is lightly wounded.
The bullfrog closely misses you. The giant cockroach closely misses you.
The bullfrog hits you.
* * * LOW HITPOINT WARNING * * *
The bullfrog misses you.
Unknown command.
Your transformation has ended.
You turn into a tree.
Your +0 animal skin melds into your body.
Your roots penetrate the ground.
The giant cockroach bites you but does no damage.
The bullfrog hits you but does no damage.
The bullfrog hits you.
* * * LOW HITPOINT WARNING * * *
The giant cockroach bites you but does no damage.
It was a potion of might.
You feel very mighty all of a sudden.
The bullfrog hits you but does no damage. x2
The bullfrog hits you.
You die...

###.∩..~.~...~..~~#
#~...~#########~~~#
∩~~####~†~~~~†~~~~####
####~~~~#####~~~.~#~~##
#~..~~~~#~∩~#######~~.####
~~~.~####~~~~~~..#.~~~~~~##
.~~###.~~.~~~~..~##~~#~~~~##
~~##~~..~#######†~#~~##.~~~#
~##.~~~###≈≈.~~#♣~##~~##†.~##
~#~.~~## ≈..~~wBFF~#~~~#~..~#
##.~~## ~~~~~..B~~#~~~##~~.##
#~~~~# ~~~~~$~.~~#~~..#~~~.#
#~.~~# ~~~.?$?.~~#~.~~#~~.∩#
#~~~.# ~~.:($.~~≈#~~..#~.~.#
##~~~## ≈.~....~≈##~~~##~.~##
.#~~~~## ≈≈≈.~~≈≈##~~~~#~~~~#
~##~~~~###≈≈≈≈≈###~~.~##†~~##


You could see 2 bullfrogs, a dart slug and 2 giant cockroaches.

Vanquished Creatures
  5 adders
  2 ribbon worms
  6 dart slugs
  18 endoplasms
  11 giant cockroaches
  2 goblins (D:1)
  4 hobgoblins
  2 quokkas (D:1)
  12 ball pythons
  A bat (D:2)
  17 frilled lizards
  4 kobolds
  7 rats
91 creatures vanquished.

Notes
Turn   | Place    | Note
-------+----------+-------------------------------------------
     0 | D:1      | anacleto the Troll Shapeshifter began the quest for the
                  | Orb.
     0 | D:1      | Reached XP level 1. HP: 18/18 MP: 0/0
   202 | D:1      | Reached skill level 1 in Fighting
   233 | D:1      | Reached XP level 2. HP: 24/27 MP: 1/1
   865 | D:2      | Reached XP level 3. HP: 33/33 MP: 2/2
   935 | D:2      | Found a faded altar of an unknown god.
  1420 | D:3      | Found a glowing drain.
  1424 | Sewer    | Entered a sewer
  1467 | Sewer    | Reached XP level 4. HP: 38/41 MP: 3/3
  1626 | Sewer    | Reached skill level 4 in Shapeshifting
  1676 | Sewer    | Reached XP level 5. HP: 37/49 MP: 4/4
  1726 | Sewer    | HP: 2/73 [bullfrog (4)]
  1727 | Sewer    | Slain by a bullfrog

Illustrated notes

Levels and vault maps discovered:
D:1:      evilmike_arrival_plus, layout_basic
D:2:      layout_loops_ring, chequers_ecumenical_altar_simple_redux,
          minmay_misc_feat_rugged
D:3:      layout_basic, zin_purify, mainiacjoe_sewer_entry_somewhere_in_here_2,
          wad_floor_pattern_2, uniq_grinder
Sewer:    sewer_frog_island_02

Skill      XL: |  1  2  3  4 |
---------------+-------------+-----
Fighting       | 1 |  1.9
Dodging        | 2 |  2.3
Shapeshifting  | 4 |  4.1
Unarmed Combat | |  3.7

Action                     |  1- 3 |  4- 6 || total
---------------------------+-------+-------++-------
  Melee: Unarmed           |   100 |    87 ||   187
  Throw: Boomerang         |       |     1 ||     1
    Use: Potion            |       |     2 ||     2
   Stab: Sleeping          |     2 |       ||     2
 Armour: Animal skin       |    55 |    60 ||   115
         Skin              |       |     7 ||     7
  Dodge: Dodged            |    41 |    43 ||    84

Table legend: (Time is in decaauts)
 A = Elapsed time spent in this place.
 B = Non-inter-level travel time spent in this place.
 C = Inter-level travel time spent in this place.
 D = Time resting spent in this place.
 E = Time spent auto-exploring this place.
 F = Levels seen in this place.
 G = Mean time per level.
                   A        B        C        D        E       F      G
               +--------+--------+--------+--------+--------+-----+--------+
         Total |   1714 |   1672 |     42 |      0 |   1117 |   4 |  428.5 |
       Dungeon |   1417 |   1375 |     42 |      0 |   1076 |   3 |  472.3 |
         Sewer |    296 |    296 |      0 |      0 |     41 |   1 |  296.0 |
               +--------+--------+--------+--------+--------+-----+--------+

Top non-repeatable levels by time:
     D:2: 724 daAuts
     D:1: 660 daAuts
   Sewer: 296 daAuts
     D:3: 32 daAuts
